 Dungeon Crawl Stone Soup version 0.28-a0-1152-g9c71ebef14 (webtiles) character file.

Game seed: 17408188543376182062

217 ytrimaz the Insei (level 5, 0/40 HPs)
             Began as an Octopode Transmuter on Dec 14, 2021.
             Slain by a sky beast (4 damage)
             ... on level 4 of the Dungeon.
             The game lasted 00:04:00 (2895 turns).

ytrimaz the Insei (Octopode Transmuter)             Turns: 2895, Time: 00:04:00

Health: 0/40       AC:  5    Str:  9    XL:     5   Next: 94%
Magic:  3/10       EV: 10    Int: 18    God:
Gold:   52         SH:  0    Dex: 12    Spells: 0/10 levels left

rFire   x . .      SeeInvis .     - Unarmed
rCold   + + +      Faith    .   (shield currently unavailable)
rNeg    . . .      Spirit   .   (helmet currently unavailable)
rPois   +          Reflect  .   (no amulet)
rElec   .          Harm     .   (no ring)
rCorr   .          Rampage  .   (no ring)
Will    .....                   (no ring)
Stlth   +.........              (no ring)
HPRegen 0.13/turn               (no ring)
MPRegen 0.12/turn               (no ring)
                                (no ring)
                                (no ring)

@: ice-form
A: freezing attack, boosted hp, almost no armour, amphibious, 8 rings, large,
(camouflage 1), (gelatinous body 1), (nimble swimmer 1), (tentacles)
a: End Transformation


You were on level 4 of the Dungeon.
You were a creature of crystalline ice.
You visited 1 branch of the dungeon, and saw 4 of its levels.

You collected 52 gold pieces.

Inventory:

Wands
 d - a wand of acid (10)
 k - a wand of flame (15)
Scrolls
 a - a scroll of magic mapping
 i - a scroll of blinking
Potions
 b - a potion of attraction {unknown}
 c - 2 potions of curing
 e - a potion of cancellation
 f - a potion of haste {unknown}
 g - a potion of invisibility {unknown}
 h - a potion of degeneration {unknown}
 j - a potion of brilliance {unknown}


   Skills:
 * Level 2.1 Fighting
 - Level 2.0 Dodging
 + Level 4.4 Unarmed Combat
 * Level 3.4 Spellcasting
 * Level 3.1 Transmutations
 + Level 0.6 Poison Magic


You couldn't memorise any spells.
You knew the following spells:

 Your Spells              Type           Power      Damage    Failure   Level
a - Beastly Appendage     Tmut           28%        N/A       4%          1
b - Wereblood             Tmut           14%        N/A       7%          2
c - Spider Form           Tmut/Pois      9%         N/A       22%         3
d - Ice Form              Ice/Tmut       8%         N/A       63%         4

Your spell library contained the following spells:

 Spells                   Type           Power      Damage    Failure   Level
 Passwall                 Tmut/Erth      6%         N/A       13%         2
 Summon Small Mammal      Summ           12%        N/A       16%         1
 Ignite Poison            Fire/Tmut/Pois 7%         N/A       28%         3
 Call Canine Familiar     Summ           3%         N/A       43%         3
 Conjure Flame            Conj/Fire      3%         6-21      43%         3
 Summon Guardian Golem    Hex/Summ       3%         N/A       43%         3
 Swiftness                Air            3%         N/A       43%         3
 Sticky Flame             Conj/Fire      3%         2d3       83%         4


Dungeon Overview and Level Annotations

Branches:
Dungeon (4/15)
 Temple: D:4-7

Altars:

Shops:
D:3 (*=*


Innate Abilities, Weirdness & Mutations

You are a creature of crystalline ice.
You have a powerful freezing melee attack.
Your maximum health is increased.
Your armour is entirely melded.
You are incapable of wielding weapons or throwing items.
You cannot wear most types of armour.
You are amphibious.
You can wear up to eight rings at the same time.
((Your skin changes colour to match your surroundings (Stealth+).))
((Your rubbery body absorbs attacks. (AC +1, EV +1)))
((You are camouflaged near water. (Stealth+)))
((You have tentacles for arms and can constrict up to eight enemies at once.))


Message History

The giant cockroach closely misses you.
You punch the sky beast! You freeze the sky beast.
The sky beast is severely wounded.
The sky beast barely misses you.
The hobgoblin hits you but does no damage.
The giant cockroach misses you.
You barely miss the sky beast.
The sky beast is severely wounded.
The giant cockroach bites you but does no damage.
The sky beast flickers out of sight!
Deactivating autopickup; reactivate with Ctrl-A.
Something hits you. Something shocks you. The hobgoblin hits you.
You hit something. You freeze something.
The giant cockroach bites you but does no damage.
The hobgoblin misses you. Something hits you but does no damage.
Your magical contamination has completely faded away.
Unknown command.
You hit something but do no damage. The giant cockroach bites you.
Something hits you but does no damage. The hobgoblin hits you.
You barely miss something. The giant cockroach barely misses you.
Something hits you but does no damage.
The hobgoblin hits you but does no damage.
The giant cockroach closely misses you.
You hit something. You freeze something.
A sky beast appears from thin air!
Reactivating autopickup.
The sky beast barely misses you. The hobgoblin closely misses you.
The giant cockroach bites you but does no damage.
Unknown command.
You hit the sky beast. You freeze the sky beast.
The sky beast is almost dead.
The hobgoblin hits you but does no damage.
The giant cockroach closely misses you.
The sky beast flickers out of sight!
Deactivating autopickup; reactivate with Ctrl-A.
Something hits you. Something shocks you.
* * * LOW HITPOINT WARNING * * *
You miss something. The giant cockroach closely misses you.
The hobgoblin hits you.
* * * LOW HITPOINT WARNING * * *
Something hits you.
You die...

#..###(#..B.#.......
.......###.##..§###.####
....... ........§....)..
...#.#.###........#..#).
.#......................
....................#...
..........>.....##......
..[...Bg§.......##.##.##
......?Y{.......##.##...
......$.§§......##.###..
.?.................#####
!.......................
......#######..##.......
###### ##....####..
####....... ######.. #..


You could see a giant cockroach and a hobgoblin.

Vanquished Creatures
  An ogre (D:4)
  A hound skeleton (D:4)
  3 adders
  An ufetubus (D:4)
  A worm (D:2)
  2 dart slugs (D:1)
  3 orcs
  9 ball pythons
  5 bats
  8 endoplasms
  2 giant cockroaches
  4 goblins
  9 hobgoblins
  4 jackals (D:3)
  A quokka (D:1)
  4 frilled lizards
  8 kobolds
  4 rats (D:2)
70 creatures vanquished.

Notes
Turn   | Place    | Note
-------+----------+-------------------------------------------
     0 | D:1      | ytrimaz the Octopode Transmuter began the quest for the
                  | Orb.
     0 | D:1      | Reached XP level 1. HP: 13/13 MP: 3/3
   131 | D:1      | Reached XP level 2. HP: 5/18 MP: 5/5
   293 | D:1      | Found a faded altar of an unknown god.
   346 | D:1      | Reached XP level 3. HP: 17/23 MP: 6/6
   349 | D:1      | Learned a level 2 spell: Wereblood
   353 | D:1      | Learned a level 3 spell: Spider Form
  1351 | D:2      | Reached XP level 4. HP: 28/28 MP: 1/7
  1793 | D:3      | Found Hin Ugan's Assorted Antiques.
  1795 | D:3      | Found Wiublij's Jewellery Shop.
  2104 | D:3      | Found Qunuyx's Antique Weapon Boutique.
  2183 | D:3      | Found Puphuth's General Store.
  2352 | D:4      | Noticed an ogre
  2361 | D:4      | Killed an ogre
  2362 | D:4      | Reached skill level 4 in Unarmed Combat
  2362 | D:4      | Reached XP level 5. HP: 34/34 MP: 3/9
  2367 | D:4      | Learned a level 4 spell: Ice Form
  2633 | D:4      | Noticed a sky beast
  2895 | D:4      | Slain by a sky beast

Illustrated notes

Levels and vault maps discovered:
D:1:      dpeg_arrival_windows_large_door, layout_basic,
          shapermc_ecumenical_altar_starsandcircs, minmay_tripent
D:2:      layout_loops_ring
D:3:      layout_basic, serial_shops, nicolae_shop_overgrown_old_shop, shop,
          shop, nicolae_shop_temple_entry_statues_fountains,
          chequers_serial_rivers_micro_d
D:4:      layout_rooms

Skill      XL: |  1  2  3  4 |
---------------+-------------+-----
Fighting       | 2 |  2.1
Unarmed Combat | 4 |  4.4
Spellcasting   | 3 |  3.4
Transmutations | 3 |  3.1
Dodging        | |  2.0
Poison Magic   | |  0.6

Action                   |  1- 3 |  4- 6 || total
-------------------------+-------+-------++-------
Melee: Unarmed           |    84 |    89 ||   173
       Constrict         |    11 |    13 ||    24
       Tentacles         |     7 |     7 ||    14
       Kick              |     9 |       ||     9
 Cast: Beastly Appendage |     9 |     4 ||    13
       Wereblood         |     2 |     1 ||     3
       Spider Form       |     1 |     7 ||     8
       Ice Form          |       |     1 ||     1
  Use: Potion            |     3 |       ||     3
       Scroll            |     4 |     6 ||    10
 Stab: Sleeping          |     5 |     4 ||     9
Armor: Skin              |    12 |    20 ||    32
Dodge: Dodged            |    58 |    88 ||   146

Table legend: (Time is in decaauts)
 A = Elapsed time spent in this place.
 B = Non-inter-level travel time spent in this place.
 C = Inter-level travel time spent in this place.
 D = Time resting spent in this place.
 E = Time spent auto-exploring this place.
 F = Levels seen in this place.
 G = Mean time per level.
                   A        B        C        D        E       F      G
               +--------+--------+--------+--------+--------+-----+--------+
         Total |   2882 |   2834 |     48 |    356 |   1972 |   4 |  720.5 |
       Dungeon |   2882 |   2834 |     48 |    356 |   1972 |   4 |  720.5 |
               +--------+--------+--------+--------+--------+-----+--------+

Top non-repeatable levels by time:
     D:1: 1021 daAuts
     D:3: 787 daAuts
     D:2: 763 daAuts
     D:4: 310 daAuts
